 Dungeon Crawl Stone Soup version 0.20.0-8-g6b59dc7 (webtiles) character file.

109 Minion the Cudgeler (level 4, 0/44 HPs)
             Began as a Troll Fighter on May 30, 2017.
             Slain by an orc
             ... wielding a +0 trident
              (8 damage)
             ... on level 3 of the Dungeon.
             The game lasted 00:03:11 (1523 turns).

Minion the Cudgeler (Troll Fighter)                 Turns: 1523, Time: 00:03:11

Health: 0/44       AC:  5    Str: 25    XL:     4   Next: 59%
Magic:  3/3        EV: 10    Int:  4    God:
Gold:   77         SH:  0    Dex:  9    Spells: 3/3 levels left

rFire    . . .     SeeInvis .   a - +0 flail
rCold    . . .     Gourm    +   (no shield)
rNeg     . . .     Faith    .   b - +0 robe
rPois    .         Spirit   .   (helmet restricted)
rElec    .         Reflect  .   (no cloak)
rCorr    .         Harm     .   (gloves unavailable)
MR       .....                  (boots unavailable)
Stlth    +.........             (no amulet)
Regen    0.6/turn               (no ring)
MPRegen  0.1/turn               (no ring)

@: slowed, very slow
A: unfitting armour, claws 3, fast metabolism 3, gourmand, regeneration 1,
shaggy fur 1, tough skin 2
a: no special abilities


You were on level 3 of the Dungeon.
You were completely stuffed.

You visited 1 branch of the dungeon, and saw 3 of its levels.

You collected 77 gold pieces.

Inventory:

Hand Weapons
 a - a +0 flail (weapon)
Armour
 b - a +0 robe (worn)
Jewellery
 l - an uncursed amulet of magic regeneration {unknown}
Scrolls
 e - a scroll of fear {unknown}
 i - a scroll of enchant armour {unknown}
 j - 3 scrolls of identify {unknown}
Potions
 c - 2 potions of curing {unknown}
 d - 3 potions of might
 g - 3 potions of mutation {unknown}
 h - a potion of haste {unknown}
 k - a potion of brilliance {unknown}
 n - a potion of agility {unknown}
 p - a potion of degeneration {unknown}
 q - a potion of heal wounds {unknown}
 r - a potion of magic {unknown}
Comestibles
 f - 3 bread rations
 m - 6 chunks of flesh
 o - 6 fruits


   Skills:
 - Level 2.4 Fighting
 + Level 4.4 Maces & Flails
 - Level 2.4 Dodging
   Level 2.4 Shields


You had 3 spell levels left.
You didn't know any spells.

Dungeon Overview and Level Annotations

Branches:
Dungeon (3/15)

Altars:
Ru
Trog
Uskayaw

Annotations:
D:3 Jessica


Innate Abilities, Weirdness & Mutations

You are too large for most types of armour.
You have claws for hands.
Your metabolism is lightning-fast.
You like to eat raw meat.
Your natural rate of healing is unusually fast.
You are covered in fur. (AC +1)
You have very tough skin. (AC +2)


Message History

Jessica hits you but does no damage.
You barely miss Jessica.
Jessica is lightly wounded.
The orc hits you with a trident! Jessica closely misses you.
The orc hits you with a trident.
You barely miss Jessica.
Jessica is lightly wounded.
Jessica hits you but does no damage. The orc hits you with a trident.
Jessica hits you but does no damage.
You closely miss Jessica.
Jessica is lightly wounded.
The orc hits you but does no damage. Jessica hits you but does no damage.
The orc hits you with a trident. Jessica hits you but does no damage.
The orc closely misses you.
Jessica mumbles some strange words.
Jessica blinks!
The orc hits you with a trident!
* * * LOW HITPOINT WARNING * * *
The orc hits you with a trident!
You die...

.# .# .# ## ## ### .# ...
... ## ..##.### # ##§
..... # ###
#§≈#######o###..#.. #.#
#......@.§).....#
###.######.######.###.....
...........# #.# ###
###.######## #.. # #.#
##.# ###.# .# .##.# .#
....##### .# ........#


You could see an orc.

Vanquished Creatures
  3 adders (D:2)
  4 worms
  7 orcs (D:3)
  2 giant cockroaches
  9 goblins
  8 hobgoblins
  3 jackals (D:1)
  9 kobolds
  A quokka (D:2)
  2 ball pythons
  7 bats
  3 frilled lizards
  3 rats (D:1)
61 creatures vanquished.

Notes
Turn   | Place    | Note
-------+----------+-------------------------------------------
     0 | D:1      | Minion the Troll Fighter began the quest for the Orb.
     0 | D:1      | Reached XP level 1. HP: 22/22 MP: 0/0
    43 | D:1      | Reached skill level 2 in Maces & Flails
   149 | D:1      | Reached XP level 2. HP: 29/29 MP: 1/1
   365 | D:1      | Reached skill level 3 in Maces & Flails
   435 | D:1      | Reached XP level 3. HP: 27/36 MP: 2/2
   836 | D:2      | Reached XP level 4. HP: 35/44 MP: 3/3
   885 | D:2      | Reached skill level 4 in Maces & Flails
   995 | D:2      | Found a sacrificial altar of Ru.
  1304 | D:2      | Found a bloodstained altar of Trog.
  1304 | D:2      | Found a sacrificial altar of Ru.
  1307 | D:2      | Found a hide-covered altar of Uskayaw.
  1506 | D:3      | Noticed Jessica
  1523 | D:3      | Slain by an orc

Skill      XL: |  1  2  3  4 |
---------------+-------------+-----
Maces & Flails | 2 3 4 |  4.4
Fighting       | |  2.4
Dodging        | |  2.4
Shields        | |  2.4

Action                   |  1- 3 |  4- 6 || total
-------------------------+-------+-------++-------
Melee: Flail             |   163 |    62 ||   225
  Eat: Chunk             |    14 |     6 ||    20
Armor: Robe              |    68 |    22 ||    90
Dodge: Dodged            |   120 |    26 ||   146
